cohdb
Replays
Latest Replays
All Replays
Popular Replays
Top Player Replays
Match Explorer
How It Works
Community
CoH3 Stats
Reddit
Sign in to upload your games and track your stats! →
Sign in with Steam
Match 46595558
Unlisted
Match 46595558
Overview
Messages
Build Orders
End
Kradschützen Motorcycle Team
Panzergrenadier Squad
Panzerpioneer Squad
Construct Light Support Kompanie
250 Light Carrier
Combat Half-tracks
Selects Italian Infantry
Selects Italian Infantry
Selects Defensive Operations
Assault Mechanized Group
Construct Mechanized Kompanie
8 Rad Armored Car
Selects Guastatori Squad
Selects L6/40 Light Tank Combat Group
Support Armor Elements
Construct Panzerarmee Kommand
Guastatori Squad
Clay
Hisui
GeneralBez(IRE)
Guy Fieri
Mr_NoteAr
User1diego
0
0
Comments
sign in to comment!
No comments posted yet!